Map: Pillars of Gold LE

Players

INnoVation - Winner!

  • Race: Terran Terran
  • Spawn Location: 1:00

LiquidTLO (TLO)

  • Race: Zerg Zerg
  • Spawn Location: 7:00

Event: StayAtHomestory Cup #2

VOD

Have the link to the VOD?

Description

Time

  • Played on: June 11, 2020, 9:20 a.m.
  • Length: 11:03

All games in this series

Show
View Real Time Build Order
Export as new Build Order

INnoVation Terran - Winner!

Build Orders: Reaper Expand, Hellion Banshee 

Get SALT Encoding   

  12  0:00  SCV  
  13  0:12  SCV  
  14  0:17  Supply Depot  
  14  0:25  SCV  
  15  0:39  SCV, Barracks  
  16  0:44  Refinery  
  16  0:51  SCV  
  17  1:03  SCV  
  18  1:15  SCV  
  19  1:27  Orbital Command, Reaper  
  20  1:42  Command Center  
  20  1:53  SCV  
  21  1:55  Supply Depot  
  21  1:58  Marine  
  22  2:05  SCV  
  23  2:09  Factory  
  23  2:17  Marine  
  23  2:18  SCV  
  25  2:30  SCV  
  25  2:36  Barracks Reactor  
  26  2:42  SCV  
  27  2:52  Command Center  
  27  2:56  Orbital Command  
  27  2:59  SCV  
  28  3:07  Starport  
  28  3:12  Refinery  
  28  3:13  SCV  
  29  3:20  Hellion  
  29  3:21  Hellion  
  29  3:25  SCV  
  35  3:27  SCV  
  35  3:38  SCV  
  35  3:39  SCV  
  37  3:44  Hellion x2  
  41  3:48  Starport Tech Lab  
  41  3:50  SCV  
  41  3:51  SCV  
  43  4:05  Orbital Command  
  43  4:07  SCV x2  
  43  4:08  Hellion x2, Banshee  
  52  4:10  Cloaking Field  
  52  4:12  Barracks Tech Lab  
  52  4:19  Supply Depot  
  52  4:20  SCV x2  
  53  4:32  SCV x2  
  53  4:33  Stimpack  
  53  4:36  Barracks  
  55  4:38  Factory Reactor  
  55  4:42  Barracks  
  55  4:45  Marine, Supply Depot  
  55  4:46  SCV x2  
  55  4:47  SCV  
  55  4:51  Banshee  
  62  4:53  Refinery  
  62  5:00  Engineering Bay  
  62  5:02  Engineering Bay, Refinery  
  62  5:03  SCV x3  
  65  5:07  Marine  
  65  5:14  Supply Depot  
  66  5:18  SCV x3  
  69  5:27  Marine x2  
  71  5:29  Terran Infantry Armor Level 1, Terran Infantry Weapons Level 1  
  71  5:30  SCV x2, Orbital Command  
  73  5:42  Barracks, Starport Reactor  
  73  5:43  SCV x2  
  73  5:44  Barracks  
  73  5:46  Supply Depot  
  73  5:47  Siege Tank  
  73  5:48  Marine  
  79  5:53  Marine x2  
  79  5:57  SCV x3  
  84  6:09  Marine x3  
  84  6:10  Marine, Supply Depot  
  84  6:11  Marine  
  89  6:12  SCV  
  90  6:19  Medivac  
  90  6:20  Combat Shield  
  92  6:28  Supply Depot  
  92  6:31  SCV x2, Siege Tank, Medivac  
  92  6:32  SCV  
  100  6:35  Barracks Reactor  
  100  6:37  Barracks Reactor  
  100  6:38  Supply Depot  
  100  6:43  Armory  
  100  6:46  SCV  
  101  6:50  SCV x2  
  101  6:54  Marine x5  
  108  7:03  Medivac x2  
  108  7:05  Supply Depot  
  108  7:06  Supply Depot  
  108  7:08  SCV x3  
  115  7:16  Marine x2  
  115  7:18  Supply Depot  
  115  7:21  Marine  
  115  7:22  Marine x2  
  117  7:23  Marine  
  117  7:25  Marine  
  117  7:26  Siege Tank, Marine  
  118  7:31  SCV x3  
  118  7:33  Marine  
  118  7:34  Marine x2  
  121  7:39  Marine  
  121  7:40  Marine  
  123  7:49  Terran Infantry Armor Level 2, Terran Infantry Weapons Level 2  
  123  7:50  SCV x2  
  125  8:04  Supply Depot  
  125  8:05  Supply Depot  
  125  8:06  Marine x4  
  125  8:07  SCV, Marine x2  
  125  8:10  Medivac  
  125  8:12  Siege Tank  
  120  8:15  Marine x3  
  120  8:18  Medivac  
  114  8:24  Marine x4  
  114  8:25  Marine x2  
  120  8:33  Barracks, Marine x3  
  123  8:35  Barracks  
  123  8:36  Barracks  
  123  8:42  Supply Depot  
  123  8:43  Medivac  
  123  8:44  Siege Tank, Marine x6  
  123  8:48  Medivac  
  136  8:50  Marine  
  136  8:51  Marine x2  
  139  8:57  Supply Depot x2  
  139  9:02  Marine  
  140  9:03  Marine  
  140  9:04  Marine x4  
  140  9:06  Command Center  
  140  9:08  Marine  
  140  9:09  Marine x2  
  148  9:18  Siege Tank, Medivac x2  
  148  9:19  Marine, Supply Depot x2  
  148  9:20  Supply Depot  
  148  9:21  Marine, Barracks Reactor  
  148  9:22  Marine x4, Barracks Reactor  
  160  9:25  Barracks Reactor  
  160  9:26  Marine x3  
  150  9:37  Marine  
  150  9:39  Marine x5  
  150  9:41  Command Center  
  150  9:44  Marine x3  
  158  9:51  Medivac x2  
  162  9:55  Marine  
  162  9:57  Marine x5  
  168  10:02  Marine x3  
  168  10:03  Siege Tank  
  168  10:06  Marine x2  
  168  10:07  Marine x4  
  176  10:13  Marine  
  176  10:14  Marine  
  176  10:15  Marine x4  
  176  10:20  Marine x2  
  172  10:26  Orbital Command  
  172  10:28  Marine x7  
  169  10:31  Marine  
  169  10:32  Marine  
  160  10:38  Marine x6  
Show
View Real Time Build Order
Export as new Build Order

LiquidTLO Zerg 

Build Orders: Hatch First 

Get SALT Encoding   

  12  0:01  Drone  
  13  0:13  Overlord  
  13  0:17  Drone  
  14  0:31  Drone x2  
  16  0:50  Hatchery  
  16  0:53  Drone  
  16  0:57  Drone  
  17  1:11  Spawning Pool  
  17  1:15  Drone  
  17  1:18  Extractor  
  17  1:19  Drone  
  17  1:26  Drone  
  17  1:32  Drone  
  19  1:39  Overlord  
  19  1:59  Queen, Zergling x2  
  22  2:02  Zergling x2  
  22  2:03  Queen  
  22  2:07  Drone  
  26  2:11  Drone  
  26  2:13  Drone  
  28  2:25  Drone  
  28  2:40  Hatchery  
  28  2:43  Drone  
  28  2:46  Drone  
  28  2:50  Metabolic Boost  
  29  2:53  Drone  
  29  2:58  Overlord  
  30  3:01  Drone  
  30  3:04  Zergling x2  
  32  3:06  Drone  
  32  3:08  Drone  
  32  3:11  Drone  
  35  3:17  Queen  
  35  3:19  Drone  
  38  3:21  Drone  
  38  3:24  Drone  
  38  3:25  Drone  
  41  3:29  Zergling x2  
  42  3:35  Overlord  
  42  3:39  Drone  
  42  3:40  Drone  
  44  3:44  Overlord  
  44  3:45  Overlord  
  44  3:48  Overlord  
  44  3:52  Drone, Zergling x2  
  46  3:58  Queen  
  46  4:01  Pneumatized Carapace  
  48  4:05  Drone  
  48  4:06  Drone  
  48  4:07  Extractor, Drone  
  48  4:09  Drone  
  51  4:11  Drone  
  51  4:13  Drone  
  53  4:20  Drone  
  53  4:22  Drone  
  53  4:23  Zergling x2  
  56  4:27  Zergling x2  
  56  4:29  Lair  
  56  4:30  Zergling x2  
  58  4:31  Zergling x2  
  58  4:32  Zergling x2  
  58  4:33  Zergling x2  
  58  4:35  Queen  
  63  4:39  Zergling x2  
  63  4:42  Spore Crawler  
  63  4:43  Spore Crawler  
  62  4:45  Spore Crawler  
  62  4:48  Drone  
  62  4:50  Drone x2  
  64  4:54  Drone  
  64  4:56  Drone  
  64  4:57  Drone  
  64  4:58  Drone  
  68  5:02  Baneling Nest  
  68  5:03  Drone  
  68  5:04  Drone  
  67  5:08  Drone  
  67  5:14  Queen  
  68  5:16  Drone  
  68  5:17  Drone, Overlord  
  68  5:18  Drone  
  68  5:20  Drone  
  74  5:23  Extractor  
  74  5:24  Drone  
  74  5:29  Overlord  
  74  5:34  Overseer  
  74  5:36  Extractor  
  74  5:38  Evolution Chamber, Drone  
  74  5:39  Drone x2  
  74  5:40  Drone x2  
  74  5:41  Evolution Chamber, Drone  
  77  5:43  Drone  
  77  5:44  Drone  
  77  5:45  Drone  
  77  5:46  Drone  
  77  5:47  Extractor  
  80  5:50  Drone  
  80  5:53  Drone  
  82  5:59  Drone, Centrifical Hooks  
  82  6:01  Drone  
  84  6:08  Drone  
  84  6:11  Drone  
  85  6:12  Zergling x2  
  85  6:15  Drone  
  85  6:16  Zerg Ground Armor Level 1, Zerg Melee Weapons Level 1  
  85  6:17  Zergling x2  
  88  6:20  Zergling x2  
  88  6:22  Zergling x2  
  88  6:25  Overlord  
  90  6:26  Baneling x3  
  90  6:27  Baneling x5  
  90  6:31  Hatchery  
  89  6:34  Overlord  
  89  6:42  Drone  
  89  6:43  Zergling x10  
  89  6:46  Burrow  
  92  6:48  Drone, Zergling x2  
  92  6:52  Drone  
  92  6:53  Drone  
  94  6:55  Drone, Zergling x2  
  94  6:56  Zergling x2, Baneling x2  
  94  6:57  Zergling x2, Baneling x5  
  94  6:59  Zergling x4  
  100  7:04  Zergling x2  
  100  7:07  Zergling x8  
  105  7:11  Overlord  
  105  7:16  Overlord, Hatchery  
  105  7:17  Overlord  
  105  7:20  Zergling x2  
  105  7:27  Zergling x2  
  105  7:28  Zergling x2, Baneling x8  
  103  7:30  Zergling x2  
  100  7:39  Zergling x4  
  100  7:42  Queen x2  
  104  7:45  Zergling x4  
  104  7:46  Zergling x2  
  104  7:47  Zergling x4  
  109  7:52  Zergling x2  
  109  7:54  Zergling x4  
  109  7:56  Zergling x2  
  109  7:57  Queen x2  
  116  7:58  Zergling x2  
  116  8:01  Zergling x2  
  116  8:05  Zergling x2  
  118  8:06  Zergling x2  
  118  8:08  Zergling x4  
  118  8:10  Zergling x2  
  118  8:11  Zergling x2  
  108  8:13  Zergling x2  
  108  8:15  Zergling x2  
  108  8:19  Zerg Ground Armor Level 2  
  103  8:22  Zergling x2  
  103  8:23  Infestation Pit  
  103  8:24  Zergling x2  
  103  8:25  Zergling x2  
  103  8:26  Zerg Melee Weapons Level 2, Baneling  
  105  8:27  Baneling x7  
  105  8:28  Queen  
  105  8:29  Drone  
  105  8:30  Drone  
  105  8:31  Baneling x13  
  105  8:32  Zergling x2  
  105  8:33  Zergling x2  
  111  8:39  Spore Crawler  
  110  8:46  Zergling x16  
  118  8:48  Zergling x2  
  118  8:52  Zergling x4, Spore Crawler  
  118  8:53  Spore Crawler  
  118  8:54  Zergling x2  
  120  8:56  Zergling x2  
  120  8:57  Zergling x4  
  120  9:00  Zergling x2  
  120  9:01  Zergling x2  
  124  9:03  Zergling x2  
  124  9:05  Zergling x4  
  124  9:06  Zergling x2  
  129  9:10  Zergling x4  
  129  9:13  Zergling x4  
  129  9:15  Zergling x2  
  129  9:16  Zergling x4  
  134  9:17  Zergling x2  
  134  9:18  Zergling x2  
  134  9:19  Zergling x6  
  134  9:20  Zergling x2  
  134  9:22  Zergling x2  
  134  9:23  Zergling x2  
  142  9:30  Overlord, Baneling x13  
  135  9:35  Hive, Overlord  
  135  9:39  Baneling  
  135  9:40  Baneling x8  
  135  9:42  Baneling x4  
  135  9:44  Overlord  
  135  9:47  Overlord  
  135  9:55  Overlord  
  135  9:57  Zergling x2, Overlord  
  136  10:00  Zergling x2  
  136  10:01  Overlord  
  136  10:02  Zergling x6  
  136  10:03  Zergling x4  
  136  10:04  Zergling x2  
  141  10:07  Zergling x2  
  141  10:08  Zergling x2  
  141  10:09  Zergling x2  
  139  10:16  Zergling x2  
  139  10:18  Zergling x14  
  139  10:19  Zergling x8  
  139  10:20  Zergling x2  
  146  10:23  Baneling x6  
  146  10:24  Baneling  
  146  10:26  Zergling x4  
  146  10:28  Zergling x4  
  142  10:30  Zergling x2  
  142  10:31  Zergling x2  
  142  10:33  Zergling x2  
  142  10:34  Zergling x2  
  136  10:37  Zergling x2  
  136  10:38  Zergling x2  
  136  10:40  Baneling  
  136  10:41  Baneling x8  
  129  10:43  Zergling x4  
  129  10:45  Zergling x2  
Tags
 
Add a new tag
Caveats
  • Supply blocks, unpowered buildings, or Contaminate may cause inaccurate times.
  • Supply counts are checked every 10 seconds.